 Dungeon Crawl Stone Soup version 0.26-a0-572-g753d7e3450 (webtiles) character file.

Game seed: 4586728132627069618

24 Minion the Sneak (level 2, -13/26 HPs)
             Began as a Minotaur Delver on Aug 21, 2020.
             Mangled by Prince Ribbit (17 damage)
             ... on level 5 of the Dungeon.
             The game lasted 00:00:39 (799 turns).

Minion the Sneak (Minotaur Delver)                   Turns: 799, Time: 00:00:40

Health: -13/26     AC:  3    Str: 16    XL:     2   Next: 79%
Magic:  1/1        EV: 12    Int:  7    God:
Gold:   19         SH:  0    Dex: 11    Spells: 1/1 levels left

rFire    . . .     SeeInvis .   a - +0 hand axe
rCold    . . .     Faith    .   (no shield)
rNeg     . . .     Spirit   .   b - +0 leather armour
rPois    .         Reflect  .   (helmet restricted)
rElec    .         Harm     .   (no cloak)
rCorr    .                      (no gloves)
MR       .....                  (no boots)
Stlth    ++........             (no amulet)
HPRegen  0.08/turn              (no ring)
MPRegen  0.07/turn              (no ring)

@: no status effects
A: retaliatory headbutt, horns 2
a: no special abilities


You were on level 5 of the Dungeon.
You visited 1 branch of the dungeon, and saw 1 of its levels.

You collected 19 gold pieces.

Inventory:

Hand Weapons
 a - a +0 hand axe (weapon)
Armour
 b - a +0 leather armour (worn)
Wands
 g - a wand of digging (3)
Scrolls
 c - a scroll of fog
 d - a scroll of magic mapping
 e - a scroll of fear
 h - a scroll of enchant weapon {unknown}
 k - a scroll of identify {unknown}
Potions
 f - a potion of haste
 i - 2 potions of heal wounds {unknown}
 j - a potion of flight {unknown}


   Skills:
 - Level 3.6 Fighting
 + Level 4.1 Axes
 - Level 2.1 Dodging
 - Level 4.1 Stealth


You had one spell level left.
You didn't know any spells.
Your spell library was empty.

Dungeon Overview and Level Annotations

Branches:
Dungeon (5/15)
 Temple: D:4-7

Altars:

Annotations:
D:5 Prince Ribbit


Innate Abilities, Weirdness & Mutations

You reflexively headbutt those who attack you in melee.
You have a pair of horns on your head.


Message History

Found a robe.
You see here 17 gold pieces.
Prince Ribbit gives a loud, deep croak!
A shadow imp comes into view.
The shadow imp shouts, "Get thee gone, thou impertinent kobold-kissing calf-wit!"
Prince Ribbit hits you!
Ouch! That really hurt!
Prince Ribbit hits you. Prince Ribbit hits you!
* * * LOW HITPOINT WARNING * * *
Prince Ribbit hits you.
* * * LOW HITPOINT WARNING * * *
Prince Ribbit misses you.
Prince Ribbit blinks!
Prince Ribbit blinks!
Prince Ribbit catches a moth with his tongue.
Prince Ribbit blinks!
Prince Ribbit hits you!
Ouch! That really hurt!
You die...

.##F#.#.#..#.#.#.##..#.####.# #
#.#.#.#.##.#.#.##..#.# ##.#####
#5#.#......#.#.##..#.###.......
#.#.###.####.#.....#..>........
#.#.(........###.######........
#§##############......#........
#.........5....######.#........
##############F######.#........
#@##.....#......÷.
#.##.#####........
##.##.#####........
#...........#######
#...........# #...........#
#...........# #...........#
.....#.#####.#


You could see Prince Ribbit.

Vanquished Creatures
  A hound skeleton (D:5)
  An adder (D:5)
  A leopard gecko (D:5)
  A quokka skeleton (D:5)
4 creatures vanquished.

Notes
Turn   | Place    | Note
-------+----------+-------------------------------------------
     0 | D:5      | Minion the Minotaur Delver began the quest for the Orb.
     0 | D:5      | Reached XP level 1. HP: 19/19 MP: 0/0
   108 | D:5      | Reached XP level 2. HP: 15/26 MP: 1/1
   762 | D:5      | Noticed Prince Ribbit
   799 | D:5      | Mangled by Prince Ribbit

Illustrated notes

Levels and vault maps discovered:
D:5:      layout_basic, minmay_temple_entry_butterflies, uniq_prince_ribbit1

Skill      XL: |  1  2 |
---------------+-------+-----
Axes           | 3 4 |  4.1
Fighting       | |  3.6
Dodging        | |  2.1
Stealth        | |  4.1

Action                   || total
-------------------------++-------
Melee: Hand axe          ||    14
       Headbutt          ||     2
 Stab: Sleeping          ||     1
Armor: Leather armour    ||     2
Dodge: Dodged            ||     9

Table legend: (Time is in decaauts)
 A = Elapsed time spent in this place.
 B = Non-inter-level travel time spent in this place.
 C = Inter-level travel time spent in this place.
 D = Time resting spent in this place.
 E = Time spent auto-exploring this place.
 F = Levels seen in this place.
 G = Mean time per level.
                   A        B        C        D        E       F      G
               +--------+--------+--------+--------+--------+-----+--------+
         Total |    801 |    801 |      0 |    427 |    301 |   1 |  801.0 |
       Dungeon |    801 |    801 |      0 |    427 |    301 |   1 |  801.0 |
               +--------+--------+--------+--------+--------+-----+--------+

Top non-repeatable levels by time:
     D:5: 801 daAuts
